Anaheim Ducks vs Arizona Coyotes
Created - Saturday, September 23, 2023 at 07:07
Goals
|
| Anaheim Ducks |
2 |
0 |
1 |
3 |
| Arizona Coyotes |
1 |
1 |
3 |
5 |
|
Shots
|
| Anaheim Ducks |
16 |
21 |
8 |
45 |
| Arizona Coyotes |
11 |
18 |
14 |
43 |
|
1st period
1. Anaheim Ducks , William Nylander 14 (John Tavares 19) at 1:04 (PP)
2. Anaheim Ducks , William Nylander 15 (Mark Scheifele 11, Esa Lindell 5) at 11:54 (PP)
3. Arizona Coyotes , Mason McTavish 5 (Matt Dumba 2) at 14:16 (SH)
Penalties :
Jani Hakanpaa (AZC) for Tripping (Minor) at 1:01, T.J. Oshie (AZC) for Holding (Minor) at 6:02, Jani Hakanpaa (AZC) for Hooking (Minor) at 11:37, Erik Haula (AZC) for Hooking (Minor) at 13:08, Claude Giroux (AZC) for Holding (Minor) at 13:42
2nd period
4. Arizona Coyotes , James van Riemsdyk 9 (Matt Dumba 3, Ondrej Palat 8) at 17:53
Penalties :
Radko Gudas (AZC) for Hooking (Minor) at 4:13, Max Domi (ANA) for Hooking (Minor) at 14:28
3rd period
5. Arizona Coyotes , T.J. Oshie 13 (Erik Haula 14, William Carrier 2) at 4:06 (PP)
6. Anaheim Ducks , Chandler Stephenson 7 (Esa Lindell 6) at 4:18
7. Arizona Coyotes , James van Riemsdyk 10 (Ondrej Palat 9) at 6:52
8. Arizona Coyotes , Mats Zuccarello 13 (Tyler Seguin 12, Ondrej Palat 10) at 10:06
Penalties :
Brayden Schenn (ANA) for Hooking (Minor) at 3:53, Max Domi (ANA) for Slashing (Minor) at 14:46
Goalie Stats
Jack Campbell (ANA), 38 saves from 43 shots - (0.884), L, 0-4-0, 60:00 minutes
Carter Hart (AZC), 42 saves from 45 shots - (0.933), W, 10-6-1, 60:00 minutes
Players Stats for Anaheim Ducks
Player Name G A P +/- PIM S H SB GA TA FO MP PP MP PK MP
------------------------------------------------------------------------------------
Alex Killorn 0 0 0 0 0 1 1 0 1 0 0/1 19:49 2:43 2:34
Brayden Schenn 0 0 0 -2 2 2 1 0 2 0 0/1 13:44 2:43 0:00
Brenden Dillon 0 0 0 -1 0 1 1 3 0 0 0/0 22:40 3:00 2:29
Calle Jarnkrok 0 0 0 0 0 1 1 0 0 0 1/1 7:02 0:05 0:00
Chandler Stephenson 1 0 1 0 0 2 1 1 2 0 8/15 19:49 2:43 2:34
Esa Lindell 0 2 2 -1 0 2 0 2 0 1 0/0 27:02 3:00 2:29
Ivan Provorov 0 0 0 -2 0 2 1 0 0 1 0/0 13:31 0:00 1:42
J.T. Compher 0 0 0 -2 0 2 0 0 0 0 3/6 13:02 0:05 1:37
Jakob Chychrun 0 0 0 0 0 4 0 1 1 0 0/0 19:27 3:51 0:00
John Tavares 0 1 1 -1 0 4 1 0 0 0 19/35 20:13 4:03 0:00
Josh Manson 0 0 0 -2 0 1 0 1 0 0 0/0 13:21 0:00 1:42
Joshua Morrissey 0 0 0 0 0 2 1 0 0 2 0/0 23:59 3:51 0:00
Mark Scheifele 0 1 1 -1 0 4 1 0 2 0 1/1 20:37 4:03 0:00
Mason Marchment 0 0 0 0 0 1 0 0 0 0 0/0 6:42 0:00 0:00
Max Domi 0 0 0 0 4 4 1 0 0 0 2/2 14:57 0:05 0:00
Nazem Kadri 0 0 0 0 0 1 0 0 0 0 1/5 6:42 0:00 0:00
Teuvo Teravainen 0 0 0 -2 0 2 0 0 0 0 1/1 12:42 0:00 1:37
William Nylander 2 0 2 -1 0 9 0 0 1 0 0/0 20:27 4:03 0:00
Players Stats for Arizona Coyotes
Player Name G A P +/- PIM S H SB GA TA FO MP PP MP PK MP
------------------------------------------------------------------------------------
Brandon Tanev 0 0 0 0 0 0 1 0 0 0 0/1 7:36 0:00 0:07
Brayden McNabb 0 0 0 1 0 0 0 1 0 3 0/0 21:47 1:59 2:37
Brock McGinn 0 0 0 0 0 0 0 1 0 0 1/2 7:20 0:00 0:33
Charlie Coyle 0 0 0 2 0 3 0 0 0 0 4/6 15:12 0:00 2:36
Claude Giroux 0 0 0 0 2 5 2 0 1 1 10/28 20:54 2:09 2:22
Dmitry Orlov 0 0 0 0 0 4 0 0 0 1 0/0 24:13 2:12 2:54
Erik Haula 0 1 1 0 2 3 2 0 0 0 10/16 14:26 2:02 0:02
James van Riemsdyk 2 0 2 2 0 10 1 0 2 0 0/1 12:17 0:00 0:00
Jani Hakanpaa 0 0 0 1 4 3 1 0 0 0 0/0 21:45 1:59 2:37
Jared Spurgeon 0 0 0 0 0 0 1 0 0 0 0/0 24:13 2:12 2:54
Mason McTavish 1 0 1 1 0 4 0 0 0 0 4/6 10:00 0:00 1:39
Mats Zuccarello 1 0 1 0 0 3 0 1 0 1 0/1 21:14 2:09 2:40
Matt Dumba 0 2 2 2 0 0 0 0 0 0 0/0 14:00 0:00 1:20
Ondrej Palat 0 3 3 2 0 1 1 1 0 1 0/1 11:34 0:00 0:00
Radko Gudas 0 0 0 2 2 0 0 3 0 1 0/0 14:08 0:00 1:20
T.J. Oshie 1 0 1 0 2 3 1 0 1 1 0/0 14:40 2:02 0:00
Tyler Seguin 0 1 1 0 0 2 3 0 0 0 3/5 21:16 2:09 2:17
William Carrier 0 1 1 0 0 2 5 0 0 0 0/1 15:03 2:02 0:00
3 Stars
1 - James van Riemsdyk (AZC)
2 - Ondrej Palat (AZC)
3 - Carter Hart (AZC)
Power Play
Anaheim Ducks - 2 on 6 Attempt(s) - 33.33%
Arizona Coyotes - 1 on 3 Attempt(s) - 33.33%
Penalty Kill
Anaheim Ducks - 2 on 3 Attempt(s) - 66.67%
- Score 0 goal in Penalty Kill
Arizona Coyotes - 4 on 6 Attempt(s) - 66.67%
- Score 1 goal in Penalty Kill
Team Stat
Anaheim Ducks - Hits : 10 - Faceoff Wins : 36 - Blocked Shots : 8 - Penalty Minutes : 6
Arizona Coyotes - Hits : 18 - Faceoff Wins : 32 - Blocked Shots : 7 - Penalty Minutes : 12
Official
Referees : Evgeny Romasko and Steve Kozari
Linesman : Lonnie Cameron and Tony Sericolo
Game Notes
No Game Note
Finance
Level 1 -- Attendance: 6000 (100.00%) -- Ticket Income $540,000
Level 2 -- Attendance: 4892 (97.84%) -- Ticket Income $264,168
Level 3 -- Attendance: 2819 (93.97%) -- Ticket Income $78,932
Level 4 -- Attendance: 5000 (100.00%) -- Ticket Income $90,000
Luxury Box -- Attendance: 1000 (100.00%) -- Ticket Income $188,000
Game was played at the Gila River Arena.
Total Attendance: 19711 (98.56%)
Total Ticket Income: $1,161,100
Other Income: $406,385
Total Income: $1,567,485
Anaheim Ducks
5 vs 5 Forward
Center Left Wing Right Wing Time % Phy DF OF
1 John Tavares William Nylander Mark Scheifele 40 1 2 2
2 Chandler Stephenson Alex Killorn Max Domi 30 1 2 2
3 J.T. Compher Teuvo Teravainen Brayden Schenn 20 1 2 2
4 Nazem Kadri Mason Marchment Calle Jarnkrok 10 1 2 2
5 vs 5 Defense
Defense Defense Time % Phy DF OF
1 Esa Lindell Joshua Morrissey 40 1 2 2
2 Brenden Dillon Jakob Chychrun 35 1 2 2
3 Ivan Provorov Josh Manson 25 1 2 2
4 Esa Lindell Ivan Provorov 0 1 2 2
PowerPlay Forward
Center Left Wing Right Wing Time % Phy DF OF
1 John Tavares Mark Scheifele William Nylander 60 1 1 3
2 Chandler Stephenson Alex Killorn Brayden Schenn 40 1 1 3
PowerPlay Defense
Defense Defense Time % Phy DF OF
1 Joshua Morrissey Jakob Chychrun 55 1 2 2
2 Esa Lindell Brenden Dillon 45 1 2 2
Penalty Kill 4 Players Forward
Center Wing Time % Phy DF OF
1 Chandler Stephenson Alex Killorn 55 1 3 1
2 J.T. Compher Teuvo Teravainen 45 1 3 1
Penalty Kill 4 Players Defense
Defense Defense Time % Phy DF OF
1 Esa Lindell Brenden Dillon 50 1 3 1
2 Ivan Provorov Josh Manson 50 1 3 1
Penalty Kill - 3 Players Forward
Forward Time % Phy DF OF
1 Alex Killorn 50 1 3 1
2 J.T. Compher 50 1 3 1
Penalty Kill - 3 Players Defense
Defense Defense Time % Phy DF OF
1 Esa Lindell Brenden Dillon 50 1 3 1
2 Ivan Provorov Josh Manson 50 1 3 1
4 vs 4 Forward
Center Wing Time % Phy DF OF
1 John Tavares William Nylander 50 1 2 2
2 Max Domi Mark Scheifele 50 1 2 2
4 vs 4 Defense
Defense Defense Time % Phy DF OF
1 Esa Lindell Josh Manson 50 1 2 2
2 Brenden Dillon Joshua Morrissey 50 1 2 2
Last Minutes Offensive
Center Left Wing Right Wing Defense Defense
John Tavares William Nylander Mark Scheifele Joshua Morrissey Jakob Chychrun
Last Minutes Defensive
Center Left Wing Right Wing Defense Defense
Chandler Stephenson Alex Killorn Teuvo Teravainen Brenden Dillon Esa Lindell
Goaltenders
Starting : Jack Campbell
Backup : Linus Ullmark
Extra Forwards
Normal : Mark Scheifele, William Nylander, John Tavares - PP : William Nylander, Mark Scheifele - PK : Alex Killorn
Extra Defensemen
Normal : Josh Manson, Esa Lindell, Brenden Dillon - PP : Joshua Morrissey - PK : Esa Lindell, Josh Manson
Penalty Shots
William Nylander, Teuvo Teravainen, Mark Scheifele, Calle Jarnkrok, Alex Killorn
Arizona Coyotes
5 vs 5 Forward
Center Left Wing Right Wing Time % Phy DF OF
1 Claude Giroux Mats Zuccarello Tyler Seguin 35 1 2 2
2 Erik Haula William Carrier T.J. Oshie 30 1 2 2
3 Charlie Coyle James van Riemsdyk Ondrej Palat 25 1 2 2
4 Mason McTavish Brandon Tanev Brock McGinn 10 1 2 2
5 vs 5 Defense
Defense Defense Time % Phy DF OF
1 Dmitry Orlov Jared Spurgeon 40 1 2 2
2 Jani Hakanpaa Brayden McNabb 35 1 2 2
3 Radko Gudas Matt Dumba 25 1 2 2
4 Dmitry Orlov Jared Spurgeon 0 1 2 2
PowerPlay Forward
Center Left Wing Right Wing Time % Phy DF OF
1 Claude Giroux Mats Zuccarello Tyler Seguin 50 0 1 4
2 Erik Haula William Carrier T.J. Oshie 50 0 1 4
PowerPlay Defense
Defense Defense Time % Phy DF OF
1 Dmitry Orlov Jared Spurgeon 50 1 1 3
2 Jani Hakanpaa Brayden McNabb 50 1 1 3
Penalty Kill 4 Players Forward
Center Wing Time % Phy DF OF
1 Claude Giroux Mats Zuccarello 50 1 3 1
2 Tyler Seguin Charlie Coyle 50 1 3 1
Penalty Kill 4 Players Defense
Defense Defense Time % Phy DF OF
1 Dmitry Orlov Jared Spurgeon 50 1 3 1
2 Jani Hakanpaa Brayden McNabb 50 1 3 1
Penalty Kill - 3 Players Forward
Forward Time % Phy DF OF
1 Claude Giroux 50 1 3 1
2 Brock McGinn 50 1 3 1
Penalty Kill - 3 Players Defense
Defense Defense Time % Phy DF OF
1 Radko Gudas Matt Dumba 60 1 2 2
2 Jani Hakanpaa Brayden McNabb 40 1 2 2
4 vs 4 Forward
Center Wing Time % Phy DF OF
1 Claude Giroux Mats Zuccarello 50 1 2 2
2 Tyler Seguin Mason McTavish 50 1 2 2
4 vs 4 Defense
Defense Defense Time % Phy DF OF
1 Dmitry Orlov Jared Spurgeon 50 1 2 2
2 Jani Hakanpaa Brayden McNabb 50 1 2 2
Last Minutes Offensive
Center Left Wing Right Wing Defense Defense
Claude Giroux Mats Zuccarello Tyler Seguin Dmitry Orlov Jared Spurgeon
Last Minutes Defensive
Center Left Wing Right Wing Defense Defense
Claude Giroux Mats Zuccarello Tyler Seguin Dmitry Orlov Jared Spurgeon
Goaltenders
Starting : Carter Hart
Backup : Kaapo Kahkonen
Extra Forwards
Normal : William Carrier, James van Riemsdyk, Mason McTavish - PP : William Carrier, James van Riemsdyk - PK : Mason McTavish
Extra Defensemen
Normal : Radko Gudas, Matt Dumba, Jani Hakanpaa - PP : Radko Gudas - PK : Matt Dumba, Jani Hakanpaa
Penalty Shots
Claude Giroux, Mats Zuccarello, Tyler Seguin, Charlie Coyle, Erik Haula
% Time on Ice - Anaheim Ducks
Lines # - Real PCT - Wanted PCT - Time Play
Normal Forward
1 - 36% - 40% - 17:51
2 - 27% - 30% - 13:20
3 - 23% - 20% - 11:05
4 - 14% - 10% - 6:42
Normal Defense
1 - 43% - 40% - 20:54
2 - 34% - 35% - 16:25
3 - 24% - 25% - 11:39
4 - 0% - 0% - 0:00
PP Forward
1 - 60% - 60% - 4:08
2 - 40% - 40% - 2:43
PP Defense
1 - 56% - 55% - 3:51
2 - 44% - 45% - 3:00
PK Forward
1 - 61% - 55% - 2:34
2 - 39% - 45% - 1:37
PK Defense
1 - 59% - 50% - 2:29
2 - 41% - 50% - 1:42
PK3 Forward
1 - 0% - 50%
2 - 0% - 50%
PK3 Defense
1 - 0% - 50%
2 - 0% - 50%
44 Forward
1 - 0% - 50%
2 - 0% - 50%
44 Defense
1 - 0% - 50%
2 - 0% - 50%
Last Minute Offensive - 0:00
Last Minute Defensive - 0:00
Total
Forward - 60:00
Defense - 60:00
|
% Time on Ice - Arizona Coyotes
Lines # - Real PCT - Wanted PCT - Time Play
Normal Forward
1 - 34% - 35% - 16:53
2 - 28% - 30% - 13:44
3 - 24% - 25% - 11:34
4 - 14% - 10% - 6:47
Normal Defense
1 - 39% - 40% - 19:07
2 - 35% - 35% - 17:11
3 - 26% - 25% - 12:40
4 - 0% - 0% - 0:00
PP Forward
1 - 51% - 50% - 2:09
2 - 49% - 50% - 2:02
PP Defense
1 - 53% - 50% - 2:12
2 - 47% - 50% - 1:59
PK Forward
1 - 50% - 50% - 2:42
2 - 50% - 50% - 2:44
PK Defense
1 - 53% - 50% - 2:54
2 - 47% - 50% - 2:32
PK3 Forward
1 - 61% - 50% - 0:52
2 - 39% - 50% - 0:33
PK3 Defense
1 - 94% - 60% - 1:20
2 - 6% - 40% - 0:05
44 Forward
1 - 0% - 50%
2 - 0% - 50%
44 Defense
1 - 0% - 50%
2 - 0% - 50%
Last Minute Offensive - 0:00
Last Minute Defensive - 0:00
Total
Forward - 60:00
Defense - 60:00
|
Play-by-Play
1st period
0:01 of 1st period - Claude Giroux wins face-off versus John Tavares in neutral zone.
0:46 of 1st period - Snap shot by Ondrej Palat.
0:46 of 1st period - Stopped by Jack Campbell without a rebound.
0:47 of 1st period - Teuvo Teravainen wins face-off versus Charlie Coyle in Anaheim Ducks zone.
0:47 of 1st period - Teuvo Teravainen is hit by Ondrej Palat.
0:52 of 1st period - Icing by Brayden Schenn.
0:53 of 1st period - J.T. Compher wins face-off versus Ondrej Palat in Anaheim Ducks zone.
1:01 of 1st period - Minor Penalty to Jani Hakanpaa for Tripping.
1:02 of 1st period - John Tavares wins face-off versus Claude Giroux in Arizona Coyotes zone.
1:04 of 1st period - Wrist shot by William Nylander.
1:04 of 1st period - Goal by William Nylander - Anaheim Ducks : 1 - Arizona Coyotes : 0.
1:05 of 1st period - Mason McTavish wins face-off versus Nazem Kadri in neutral zone.
1:07 of 1st period - Off-side.
1:08 of 1st period - Mason McTavish wins face-off versus Nazem Kadri in neutral zone.
1:21 of 1st period - Snap shot by Mason McTavish.
1:21 of 1st period - Stopped by Jack Campbell with a rebound.
1:39 of 1st period - Wrist shot by William Nylander.
1:39 of 1st period - Shot Misses the Net.
3:00 of 1st period - Dmitry Orlov is hit by Mark Scheifele and loses puck.
3:33 of 1st period - Brenden Dillon is hit by Tyler Seguin and loses puck.
4:59 of 1st period - Icing by Esa Lindell.
5:00 of 1st period - Erik Haula wins face-off versus Nazem Kadri in Anaheim Ducks zone.
5:55 of 1st period - Slapshot by J.T. Compher.
5:55 of 1st period - Stopped by Carter Hart without a rebound.
5:56 of 1st period - John Tavares wins face-off versus William Carrier in Arizona Coyotes zone.
6:02 of 1st period - Minor Penalty to T.J. Oshie for Holding.
6:03 of 1st period - Tyler Seguin wins face-off versus John Tavares in Arizona Coyotes zone.
6:40 of 1st period - Slapshot by Brayden Schenn.
6:40 of 1st period - Shot Misses the Net.
6:42 of 1st period - Slapshot by Jakob Chychrun.
6:42 of 1st period - Stopped by Carter Hart with a rebound.
6:44 of 1st period - Slapshot by Joshua Morrissey.
6:44 of 1st period - Stopped by Carter Hart with a rebound.
6:46 of 1st period - Slapshot by Jakob Chychrun.
6:46 of 1st period - Shot Misses the Net.
6:56 of 1st period - Esa Lindell is hit by Claude Giroux and loses puck.
8:02 of 1st period - Penalty to T.J. Oshie is over, T.J. Oshie is back on ice.
8:09 of 1st period - Wrist shot by Tyler Seguin.
8:09 of 1st period - Deflect By T.J. Oshie.
8:09 of 1st period - Stopped by Jack Campbell with a rebound.
10:06 of 1st period - Snap shot by James van Riemsdyk.
10:06 of 1st period - Stopped by Jack Campbell with a rebound.
10:21 of 1st period - Off-side.
10:22 of 1st period - J.T. Compher wins face-off versus Brock McGinn in neutral zone.
10:27 of 1st period - Wrist shot by Teuvo Teravainen.
10:27 of 1st period - Stopped by Carter Hart without a rebound.
10:28 of 1st period - J.T. Compher wins face-off versus Claude Giroux in Arizona Coyotes zone.
11:03 of 1st period - Claude Giroux is hit by Brayden Schenn and loses puck.
11:26 of 1st period - Wrist shot by J.T. Compher.
11:26 of 1st period - Shot Misses the Net.
11:37 of 1st period - Minor Penalty to Jani Hakanpaa for Hooking.
11:38 of 1st period - John Tavares wins face-off versus Mason McTavish in Arizona Coyotes zone.
11:46 of 1st period - Slapshot by John Tavares.
11:46 of 1st period - Shot Misses the Net.
11:48 of 1st period - Slapshot by Esa Lindell.
11:48 of 1st period - Stopped by Carter Hart with a rebound.
11:50 of 1st period - Slapshot by Esa Lindell.
11:50 of 1st period - Stopped by Carter Hart with a rebound.
11:52 of 1st period - Snap shot by Mark Scheifele.
11:52 of 1st period - Stopped by Carter Hart with a rebound.
11:54 of 1st period - Snap shot by William Nylander.
11:54 of 1st period - Goal by William Nylander - Anaheim Ducks : 2 - Arizona Coyotes : 0.
11:55 of 1st period - John Tavares wins face-off versus Erik Haula in neutral zone.
12:43 of 1st period - Snap shot by Nazem Kadri.
12:43 of 1st period - Shot Blocked by Brayden McNabb.
12:45 of 1st period - Snap shot by Nazem Kadri.
12:45 of 1st period - Stopped by Carter Hart without a rebound.
12:46 of 1st period - Nazem Kadri wins face-off versus James van Riemsdyk in Arizona Coyotes zone.
12:55 of 1st period - Wrist shot by Mason Marchment.
12:55 of 1st period - Stopped by Carter Hart without a rebound.
12:56 of 1st period - John Tavares wins face-off versus Erik Haula in Arizona Coyotes zone.
13:08 of 1st period - Minor Penalty to Erik Haula for Hooking.
13:09 of 1st period - Claude Giroux wins face-off versus John Tavares in Arizona Coyotes zone.
13:09 of 1st period - Claude Giroux is hit by Joshua Morrissey.
13:42 of 1st period - Minor Penalty to Claude Giroux for Holding.
13:43 of 1st period - Mason McTavish wins face-off versus John Tavares in Arizona Coyotes zone.
13:57 of 1st period - Snap shot by John Tavares.
13:57 of 1st period - Stopped by Carter Hart with a rebound.
14:16 of 1st period - Snap shot by Mason McTavish.
14:16 of 1st period - Goal by Mason McTavish - Anaheim Ducks : 2 - Arizona Coyotes : 1.
14:17 of 1st period - Brock McGinn wins face-off versus John Tavares in neutral zone.
15:08 of 1st period - Penalty to Erik Haula is over, Erik Haula is back on ice.
15:42 of 1st period - Penalty to Claude Giroux is over, Claude Giroux is back on ice.
15:46 of 1st period - Slapshot by Mats Zuccarello.
15:46 of 1st period - Shot Blocked by Esa Lindell.
15:48 of 1st period - Slapshot by Dmitry Orlov.
15:48 of 1st period - Deflect By Nazem Kadri.
15:48 of 1st period - Stopped by Jack Campbell with a rebound.
15:50 of 1st period - Slapshot by Dmitry Orlov.
15:50 of 1st period - Stopped by Jack Campbell without a rebound.
15:51 of 1st period - Erik Haula wins face-off versus Nazem Kadri in Anaheim Ducks zone.
16:24 of 1st period - Snap shot by William Nylander.
16:24 of 1st period - Stopped by Carter Hart with a rebound.
16:26 of 1st period - Snap shot by John Tavares.
16:26 of 1st period - Stopped by Carter Hart with a rebound.
16:40 of 1st period - Snap shot by Mats Zuccarello.
16:40 of 1st period - Shot Misses the Net.
16:42 of 1st period - Snap shot by Tyler Seguin.
16:42 of 1st period - Stopped by Jack Campbell with a rebound.
16:44 of 1st period - Snap shot by Jani Hakanpaa.
16:44 of 1st period - Stopped by Jack Campbell without a rebound.
16:45 of 1st period - John Tavares wins face-off versus Claude Giroux in Anaheim Ducks zone.
16:45 of 1st period - John Tavares is hit by Tyler Seguin.
18:01 of 1st period - Snap shot by Erik Haula.
18:01 of 1st period - Shot Misses the Net.
18:03 of 1st period - Snap shot by William Carrier.
18:03 of 1st period - Stopped by Jack Campbell with a rebound.
18:05 of 1st period - Slapshot by Radko Gudas.
18:05 of 1st period - Shot Misses the Net.
18:07 of 1st period - Backhand shot by T.J. Oshie.
18:07 of 1st period - Shot Misses the Net.
19:02 of 1st period - Wrist shot by Chandler Stephenson.
19:02 of 1st period - Stopped by Carter Hart without a rebound.
19:03 of 1st period - Chandler Stephenson wins face-off versus Mason McTavish in Arizona Coyotes zone.
19:36 of 1st period - Snap shot by Mason McTavish.
19:36 of 1st period - Shot Misses the Net.
19:38 of 1st period - Snap shot by Brandon Tanev.
19:38 of 1st period - Deflect By Mason McTavish.
19:38 of 1st period - Stopped by Jack Campbell without a rebound.
19:39 of 1st period - John Tavares wins face-off versus Claude Giroux in Anaheim Ducks zone.
19:50 of 1st period - Snap shot by Mark Scheifele.
19:50 of 1st period - Stopped by Carter Hart without a rebound.
19:51 of 1st period - John Tavares wins face-off versus Claude Giroux in Arizona Coyotes zone.
Goals for this period are 2 for Anaheim Ducks vs 1 for Arizona Coyotes.
Shots for this period are 16 for Anaheim Ducks vs 11 for Arizona Coyotes.
2nd period
0:01 of 2nd period - Tyler Seguin wins face-off versus John Tavares in neutral zone.
0:08 of 2nd period - Wrist shot by Mats Zuccarello.
0:08 of 2nd period - Shot Blocked by Brenden Dillon.
0:10 of 2nd period - Backhand shot by Mats Zuccarello.
0:10 of 2nd period - Stopped by Jack Campbell with a rebound.
0:12 of 2nd period - Snap shot by Claude Giroux.
0:12 of 2nd period - Stopped by Jack Campbell with a rebound.
0:14 of 2nd period - Wrist shot by Claude Giroux.
0:14 of 2nd period - Deflect By Mats Zuccarello.
0:14 of 2nd period - Shot Misses the Net.
0:14 of 2nd period - Puck is out of play.
0:15 of 2nd period - Charlie Coyle wins face-off versus Chandler Stephenson in Anaheim Ducks zone.
0:29 of 2nd period - Off-side.
0:30 of 2nd period - John Tavares wins face-off versus Erik Haula in neutral zone.
0:45 of 2nd period - Backhand shot by Erik Haula.
0:45 of 2nd period - Stopped by Jack Campbell with a rebound.
1:15 of 2nd period - Snap shot by Brayden Schenn.
1:15 of 2nd period - Stopped by Carter Hart without a rebound.
1:16 of 2nd period - Charlie Coyle wins face-off versus J.T. Compher in Arizona Coyotes zone.
1:50 of 2nd period - Wrist shot by Erik Haula.
1:50 of 2nd period - Stopped by Jack Campbell with a rebound.
2:06 of 2nd period - Wrist shot by Chandler Stephenson.
2:06 of 2nd period - Shot Misses the Net.
2:08 of 2nd period - Wrist shot by Chandler Stephenson.
2:08 of 2nd period - Shot Misses the Net.
2:10 of 2nd period - Slapshot by Josh Manson.
2:10 of 2nd period - Stopped by Carter Hart with a rebound.
2:12 of 2nd period - Snap shot by Max Domi.
2:12 of 2nd period - Stopped by Carter Hart with a rebound.
2:46 of 2nd period - Wrist shot by Charlie Coyle.
2:46 of 2nd period - Stopped by Jack Campbell with a rebound.
2:48 of 2nd period - Slapshot by Jani Hakanpaa.
2:48 of 2nd period - Stopped by Jack Campbell with a rebound.
2:50 of 2nd period - Wrist shot by Jani Hakanpaa.
2:50 of 2nd period - Stopped by Jack Campbell with a rebound.
2:52 of 2nd period - Backhand shot by Brayden McNabb.
2:52 of 2nd period - Shot Misses the Net.
2:54 of 2nd period - Snap shot by James van Riemsdyk.
2:54 of 2nd period - Stopped by Jack Campbell without a rebound.
2:55 of 2nd period - Erik Haula wins face-off versus John Tavares in Anaheim Ducks zone.
3:04 of 2nd period - Snap shot by William Nylander.
3:04 of 2nd period - Stopped by Carter Hart without a rebound.
3:05 of 2nd period - Erik Haula wins face-off versus John Tavares in Arizona Coyotes zone.
3:15 of 2nd period - Snap shot by Erik Haula.
3:15 of 2nd period - Shot Blocked by Jakob Chychrun.
3:29 of 2nd period - Wrist shot by William Nylander.
3:29 of 2nd period - Stopped by Carter Hart with a rebound.
3:31 of 2nd period - Snap shot by John Tavares.
3:31 of 2nd period - Shot Misses the Net.
3:33 of 2nd period - Wrist shot by Mark Scheifele.
3:33 of 2nd period - Deflect By John Tavares.
3:33 of 2nd period - Deflect By Erik Haula.
3:33 of 2nd period - Stopped by Carter Hart with a rebound.
3:47 of 2nd period - Wrist shot by William Nylander.
3:47 of 2nd period - Stopped by Carter Hart without a rebound.
3:48 of 2nd period - Max Domi wins face-off versus Tyler Seguin in Arizona Coyotes zone.
3:56 of 2nd period - Off-side.
3:57 of 2nd period - Chandler Stephenson wins face-off versus Claude Giroux in neutral zone.
4:13 of 2nd period - Minor Penalty to Radko Gudas for Hooking.
4:14 of 2nd period - Mark Scheifele wins face-off versus Claude Giroux in Arizona Coyotes zone.
5:23 of 2nd period - Jared Spurgeon is hit by Alex Killorn and loses puck.
6:13 of 2nd period - Penalty to Radko Gudas is over, Radko Gudas is back on ice.
6:27 of 2nd period - Matt Dumba is hit by Calle Jarnkrok and loses puck.
6:32 of 2nd period - Snap shot by Mason Marchment.
6:32 of 2nd period - Shot Misses the Net.
8:15 of 2nd period - Icing by Joshua Morrissey.
8:16 of 2nd period - Charlie Coyle wins face-off versus J.T. Compher in Anaheim Ducks zone.
8:21 of 2nd period - Wrist shot by Charlie Coyle.
8:21 of 2nd period - Stopped by Jack Campbell with a rebound.
8:25 of 2nd period - Snap shot by James van Riemsdyk.
8:25 of 2nd period - Stopped by Jack Campbell with a rebound.
8:27 of 2nd period - Snap shot by Jared Spurgeon.
8:27 of 2nd period - Shot Misses the Net.
8:49 of 2nd period - Wrist shot by William Nylander.
8:49 of 2nd period - Stopped by Carter Hart without a rebound.
8:50 of 2nd period - Claude Giroux wins face-off versus Chandler Stephenson in Arizona Coyotes zone.
8:56 of 2nd period - Off-side.
8:57 of 2nd period - Max Domi wins face-off versus Claude Giroux in neutral zone.
9:00 of 2nd period - Wrist shot by Chandler Stephenson.
9:00 of 2nd period - Shot Hit the Post.
9:02 of 2nd period - Snap shot by Max Domi.
9:02 of 2nd period - Shot Misses the Net.
9:04 of 2nd period - Snap shot by Jakob Chychrun.
9:04 of 2nd period - Stopped by Carter Hart with a rebound.
9:06 of 2nd period - Wrist shot by Jakob Chychrun.
9:06 of 2nd period - Shot Blocked by Mats Zuccarello.
9:08 of 2nd period - Slapshot by Jakob Chychrun.
9:08 of 2nd period - Shot Misses the Net.
9:10 of 2nd period - Slapshot by Brenden Dillon.
9:10 of 2nd period - Stopped by Carter Hart without a rebound.
9:11 of 2nd period - John Tavares wins face-off versus Claude Giroux in Arizona Coyotes zone.
9:24 of 2nd period - Slapshot by Tyler Seguin.
9:24 of 2nd period - Shot Misses the Net.
9:26 of 2nd period - Slapshot by Jared Spurgeon.
9:26 of 2nd period - Shot Blocked by Brenden Dillon.
9:28 of 2nd period - Slapshot by Claude Giroux.
9:28 of 2nd period - Shot Misses the Net.
9:38 of 2nd period - Brenden Dillon is hit by William Carrier and loses puck.
9:51 of 2nd period - Wrist shot by Erik Haula.
9:51 of 2nd period - Shot Blocked by Brenden Dillon.
10:10 of 2nd period - Alex Killorn is hit by Jani Hakanpaa and loses puck.
10:47 of 2nd period - Snap shot by Mason McTavish.
10:47 of 2nd period - Stopped by Jack Campbell without a rebound.
10:48 of 2nd period - Calle Jarnkrok wins face-off versus Brandon Tanev in Anaheim Ducks zone.
10:55 of 2nd period - Slapshot by Joshua Morrissey.
10:55 of 2nd period - Deflect By Calle Jarnkrok.
10:55 of 2nd period - Stopped by Carter Hart without a rebound.
10:56 of 2nd period - Claude Giroux wins face-off versus John Tavares in Arizona Coyotes zone.
11:03 of 2nd period - Wrist shot by Mats Zuccarello.
11:03 of 2nd period - Deflect By Claude Giroux.
11:03 of 2nd period - Stopped by Jack Campbell without a rebound.
11:04 of 2nd period - Claude Giroux wins face-off versus John Tavares in Anaheim Ducks zone.
11:13 of 2nd period - Slapshot by Claude Giroux.
11:13 of 2nd period - Stopped by Jack Campbell without a rebound.
11:14 of 2nd period - John Tavares wins face-off versus Claude Giroux in Anaheim Ducks zone.
11:14 of 2nd period - John Tavares is hit by Tyler Seguin.
11:54 of 2nd period - Wrist shot by Max Domi.
11:54 of 2nd period - Stopped by Carter Hart with a rebound.
11:56 of 2nd period - Slapshot by Joshua Morrissey.
11:56 of 2nd period - Stopped by Carter Hart with a rebound.
12:06 of 2nd period - James van Riemsdyk is hit by Ivan Provorov and loses puck.
12:25 of 2nd period - Snap shot by James van Riemsdyk.
12:25 of 2nd period - Shot Blocked by Josh Manson.
12:27 of 2nd period - Snap shot by Charlie Coyle.
12:27 of 2nd period - Stopped by Jack Campbell without a rebound.
12:28 of 2nd period - John Tavares wins face-off versus Claude Giroux in Anaheim Ducks zone.
12:42 of 2nd period - Wrist shot by William Nylander.
12:42 of 2nd period - Deflect By Mark Scheifele.
12:42 of 2nd period - Stopped by Carter Hart with a rebound.
12:44 of 2nd period - Slapshot by Jakob Chychrun.
12:44 of 2nd period - Stopped by Carter Hart with a rebound.
12:54 of 2nd period - Max Domi is hit by William Carrier.
13:16 of 2nd period - Wrist shot by Teuvo Teravainen.
13:16 of 2nd period - Stopped by Carter Hart without a rebound.
13:17 of 2nd period - Mason McTavish wins face-off versus Brayden Schenn in Arizona Coyotes zone.
13:44 of 2nd period - Slapshot by Brayden Schenn.
13:44 of 2nd period - Stopped by Carter Hart with a rebound.
13:46 of 2nd period - Wrist shot by Ivan Provorov.
13:46 of 2nd period - Stopped by Carter Hart without a rebound.
13:47 of 2nd period - John Tavares wins face-off versus Claude Giroux in Arizona Coyotes zone.
14:14 of 2nd period - Chandler Stephenson is hit by William Carrier and loses puck.
14:19 of 2nd period - Snap shot by Erik Haula.
14:19 of 2nd period - Stopped by Jack Campbell without a rebound.
14:20 of 2nd period - Erik Haula wins face-off versus Chandler Stephenson in Anaheim Ducks zone.
14:28 of 2nd period - Minor Penalty to Max Domi for Hooking.
14:29 of 2nd period - Chandler Stephenson wins face-off versus Claude Giroux in Anaheim Ducks zone.
15:38 of 2nd period - Icing by Erik Haula.
15:39 of 2nd period - Erik Haula wins face-off versus Chandler Stephenson in Arizona Coyotes zone.
16:12 of 2nd period - Chandler Stephenson is hit by T.J. Oshie and loses puck.
16:28 of 2nd period - Penalty to Max Domi is over, Max Domi is back on ice.
16:37 of 2nd period - Snap shot by Charlie Coyle.
16:37 of 2nd period - Shot Misses the Net.
16:47 of 2nd period - Radko Gudas is hit by Chandler Stephenson and loses puck.
17:02 of 2nd period - Brenden Dillon is hit by James van Riemsdyk and loses puck.
17:25 of 2nd period - Snap shot by Alex Killorn.
17:25 of 2nd period - Shot Misses the Net.
17:27 of 2nd period - Wrist shot by Max Domi.
17:27 of 2nd period - Stopped by Carter Hart with a rebound.
17:29 of 2nd period - Slapshot by Ivan Provorov.
17:29 of 2nd period - Shot Blocked by Radko Gudas.
17:31 of 2nd period - Slapshot by Max Domi.
17:31 of 2nd period - Stopped by Carter Hart with a rebound.
17:49 of 2nd period - Wrist shot by James van Riemsdyk.
17:49 of 2nd period - Shot Misses the Net.
17:51 of 2nd period - Slapshot by Matt Dumba.
17:51 of 2nd period - Shot Blocked by Chandler Stephenson.
17:53 of 2nd period - Slapshot by James van Riemsdyk.
17:53 of 2nd period - Goal by James van Riemsdyk - Anaheim Ducks : 2 - Arizona Coyotes : 2.
17:54 of 2nd period - John Tavares wins face-off versus Claude Giroux in neutral zone.
18:05 of 2nd period - Snap shot by Mats Zuccarello.
18:05 of 2nd period - Deflect By John Tavares.
18:05 of 2nd period - Stopped by Jack Campbell without a rebound.
18:06 of 2nd period - John Tavares wins face-off versus Mats Zuccarello in Anaheim Ducks zone.
18:19 of 2nd period - Snap shot by William Nylander.
18:19 of 2nd period - Stopped by Carter Hart without a rebound.
18:20 of 2nd period - John Tavares wins face-off versus Erik Haula in Arizona Coyotes zone.
18:33 of 2nd period - Slapshot by Dmitry Orlov.
18:33 of 2nd period - Deflect By John Tavares.
18:33 of 2nd period - Stopped by Jack Campbell with a rebound.
18:35 of 2nd period - Wrist shot by Erik Haula.
18:35 of 2nd period - Shot Misses the Net.
Goals for this period are 0 for Anaheim Ducks vs 1 for Arizona Coyotes.
Shots for this period are 21 for Anaheim Ducks vs 18 for Arizona Coyotes.
3rd period
0:01 of 3rd period - Erik Haula wins face-off versus Alex Killorn in neutral zone.
0:12 of 3rd period - Slapshot by William Carrier.
0:12 of 3rd period - Stopped by Jack Campbell with a rebound.
0:14 of 3rd period - Wrist shot by Dmitry Orlov.
0:14 of 3rd period - Stopped by Jack Campbell without a rebound.
0:15 of 3rd period - Claude Giroux wins face-off versus John Tavares in Anaheim Ducks zone.
0:32 of 3rd period - Slapshot by Jakob Chychrun.
0:32 of 3rd period - Stopped by Carter Hart with a rebound.
1:10 of 3rd period - Slapshot by James van Riemsdyk.
1:10 of 3rd period - Stopped by Jack Campbell with a rebound.
1:53 of 3rd period - Snap shot by William Nylander.
1:53 of 3rd period - Deflect By Mark Scheifele.
1:53 of 3rd period - Stopped by Carter Hart with a rebound.
2:07 of 3rd period - Chandler Stephenson is hit by Erik Haula and loses puck.
2:18 of 3rd period - Erik Haula is hit by Brenden Dillon and loses puck.
2:41 of 3rd period - Slapshot by Brayden Schenn.
2:41 of 3rd period - Deflect By J.T. Compher.
2:41 of 3rd period - Stopped by Carter Hart without a rebound.
2:42 of 3rd period - Tyler Seguin wins face-off versus John Tavares in Arizona Coyotes zone.
3:53 of 3rd period - Minor Penalty to Brayden Schenn for Hooking.
3:54 of 3rd period - Chandler Stephenson wins face-off versus Erik Haula in Anaheim Ducks zone.
4:06 of 3rd period - Snap shot by T.J. Oshie.
4:06 of 3rd period - Goal by T.J. Oshie - Anaheim Ducks : 2 - Arizona Coyotes : 3.
4:07 of 3rd period - Chandler Stephenson wins face-off versus Tyler Seguin in neutral zone.
4:18 of 3rd period - Snap shot by Chandler Stephenson.
4:18 of 3rd period - Goal by Chandler Stephenson - Anaheim Ducks : 3 - Arizona Coyotes : 3.
4:19 of 3rd period - Claude Giroux wins face-off versus John Tavares in neutral zone.
4:30 of 3rd period - Wrist shot by Mark Scheifele.
4:30 of 3rd period - Deflect By Mats Zuccarello.
4:30 of 3rd period - Shot Misses the Net.
4:30 of 3rd period - Puck is out of play.
4:31 of 3rd period - John Tavares wins face-off versus Claude Giroux in Arizona Coyotes zone.
4:58 of 3rd period - Max Domi is hit by William Carrier.
5:02 of 3rd period - Chandler Stephenson is hit by Erik Haula and loses puck.
5:29 of 3rd period - Wrist shot by Ondrej Palat.
5:29 of 3rd period - Shot Misses the Net.
5:31 of 3rd period - Snap shot by James van Riemsdyk.
5:31 of 3rd period - Stopped by Jack Campbell with a rebound.
6:07 of 3rd period - Snap shot by William Nylander.
6:07 of 3rd period - Stopped by Carter Hart with a rebound.
6:09 of 3rd period - Wrist shot by John Tavares.
6:09 of 3rd period - Stopped by Carter Hart with a rebound.
6:11 of 3rd period - Wrist shot by Josh Manson.
6:11 of 3rd period - Shot Blocked by Radko Gudas.
6:52 of 3rd period - Wrist shot by James van Riemsdyk.
6:52 of 3rd period - Goal by James van Riemsdyk - Anaheim Ducks : 3 - Arizona Coyotes : 4.
6:53 of 3rd period - Claude Giroux wins face-off versus John Tavares in neutral zone.
7:48 of 3rd period - Wrist shot by James van Riemsdyk.
7:48 of 3rd period - Stopped by Jack Campbell without a rebound.
7:49 of 3rd period - Charlie Coyle wins face-off versus J.T. Compher in Anaheim Ducks zone.
7:50 of 3rd period - Wrist shot by James van Riemsdyk.
7:50 of 3rd period - Stopped by Jack Campbell without a rebound.
7:51 of 3rd period - John Tavares wins face-off versus Charlie Coyle in Anaheim Ducks zone.
8:17 of 3rd period - Off-side.
8:18 of 3rd period - Chandler Stephenson wins face-off versus Claude Giroux in neutral zone.
8:25 of 3rd period - Mats Zuccarello is hit by Max Domi and loses puck.
8:44 of 3rd period - Joshua Morrissey is hit by William Carrier and loses puck.
8:55 of 3rd period - Snap shot by T.J. Oshie.
8:55 of 3rd period - Deflect By William Nylander.
8:55 of 3rd period - Stopped by Jack Campbell without a rebound.
8:56 of 3rd period - Claude Giroux wins face-off versus Chandler Stephenson in Anaheim Ducks zone.
9:10 of 3rd period - Snap shot by Alex Killorn.
9:10 of 3rd period - Stopped by Carter Hart without a rebound.
9:11 of 3rd period - John Tavares wins face-off versus Erik Haula in Arizona Coyotes zone.
9:22 of 3rd period - Slapshot by William Carrier.
9:22 of 3rd period - Shot Hit the Post.
9:46 of 3rd period - Backhand shot by Chandler Stephenson.
9:46 of 3rd period - Shot Blocked by Ondrej Palat.
10:06 of 3rd period - Wrist shot by Mats Zuccarello.
10:06 of 3rd period - Goal by Mats Zuccarello - Anaheim Ducks : 3 - Arizona Coyotes : 5.
10:07 of 3rd period - Erik Haula wins face-off versus John Tavares in neutral zone.
11:43 of 3rd period - Wrist shot by Brayden Schenn.
11:43 of 3rd period - Shot Misses the Net.
11:45 of 3rd period - Snap shot by J.T. Compher.
11:45 of 3rd period - Shot Misses the Net.
11:47 of 3rd period - Wrist shot by J.T. Compher.
11:47 of 3rd period - Shot Blocked by Brock McGinn.
11:49 of 3rd period - Slapshot by Ivan Provorov.
11:49 of 3rd period - Deflect By Brayden McNabb.
11:49 of 3rd period - Stopped by Carter Hart without a rebound.
11:50 of 3rd period - Claude Giroux wins face-off versus John Tavares in Arizona Coyotes zone.
12:17 of 3rd period - Off-side.
12:18 of 3rd period - Erik Haula wins face-off versus Chandler Stephenson in neutral zone.
12:56 of 3rd period - Snap shot by William Nylander.
12:56 of 3rd period - Shot Blocked by Radko Gudas.
13:14 of 3rd period - Wrist shot by Claude Giroux.
13:14 of 3rd period - Stopped by Jack Campbell without a rebound.
13:15 of 3rd period - Chandler Stephenson wins face-off versus Claude Giroux in Anaheim Ducks zone.
13:30 of 3rd period - Backhand shot by Alex Killorn.
13:30 of 3rd period - Shot Misses the Net.
13:32 of 3rd period - Slapshot by Esa Lindell.
13:32 of 3rd period - Shot Misses the Net.
13:42 of 3rd period - Joshua Morrissey is hit by Jared Spurgeon.
13:46 of 3rd period - Slapshot by T.J. Oshie.
13:46 of 3rd period - Shot Misses the Net.
13:48 of 3rd period - Slapshot by T.J. Oshie.
13:48 of 3rd period - Shot Blocked by Esa Lindell.
14:26 of 3rd period - Mason Marchment is hit by Brandon Tanev and loses puck.
14:46 of 3rd period - Minor Penalty to Max Domi for Slashing.
14:47 of 3rd period - Chandler Stephenson wins face-off versus Claude Giroux in Anaheim Ducks zone.
15:32 of 3rd period - Slapshot by Tyler Seguin.
15:32 of 3rd period - Stopped by Jack Campbell with a rebound.
15:34 of 3rd period - Wrist shot by Claude Giroux.
15:34 of 3rd period - Stopped by Jack Campbell without a rebound.
15:35 of 3rd period - Erik Haula wins face-off versus Chandler Stephenson in Anaheim Ducks zone.
16:46 of 3rd period - Penalty to Max Domi is over, Max Domi is back on ice.
17:11 of 3rd period - Charlie Coyle is hit by John Tavares and loses puck.
17:57 of 3rd period - Snap shot by Charlie Coyle.
17:57 of 3rd period - Deflect By James van Riemsdyk.
17:57 of 3rd period - Stopped by Jack Campbell with a rebound.
18:21 of 3rd period - Mark Scheifele is hit by Claude Giroux and loses puck.
18:32 of 3rd period - Wrist shot by Joshua Morrissey.
18:32 of 3rd period - Shot Misses the Net.
Goals for this period are 1 for Anaheim Ducks vs 3 for Arizona Coyotes.
Shots for this period are 8 for Anaheim Ducks vs 14 for Arizona Coyotes.
Back to the Top